 Dungeon Crawl Stone Soup version 0.31-a0-986-g5e6e4ef867 (webtiles) character file.

Game seed: 9150229118919146256

4249 Firecrotchwizard the Mimic (level 10, -18/55 HPs)
             Began as a Vine Stalker Shapeshifter on Nov 12, 2023.
             Demolished by a two-headed ogre
             ... wielding a +0 giant club
              (24 damage)
             ... on level 8 of the Dungeon.
             The game lasted 00:18:12 (6801 turns).

Firecrotchwizard the Mimic (VSSh)                   Turns: 6801, Time: 00:18:12

Health: -18/55     AC:  7    Str: 20    XL:     10   Next: 31%
Magic:  0/11       EV: 11    Int: 10    God:
Gold:   1842       SH:  0    Dex: 15    Spells: 9/9 levels left

rFire   . .          .
                       - Unarmed
rCold   + + .        (no shield)
rNeg    . . .        v - +2 ring mail {rC+}
rPois   .            z - melded +1 helmet
rElec   .            l - melded +1 cloak
rCorr   .            j - melded +2 pair of gloves
SInv    .            (boots currently unavailable)
Will    ++...        D - amulet of regeneration
Stlth   +            o - ring of protection from cold
HPRegen 1.89/turn    n - ring of willpower
MPRegen 0.12/turn

%: guardian spirit
@: beast-form, studying Shapeshifting
A: beast (slay +4), fangs 3, regeneration 1, magic shield, antimagic bite, no
potion heal 2
a: Begin Untransformation


You were on level 8 of the Dungeon.
You were a hulking beast.
You visited 2 branches of the dungeon, and saw 10 of its levels.
You also visited: Ossuary.

You collected 1894 gold pieces.
You spent 52 gold pieces at shops.

Inventory:

Armour
 a - a +0 animal skin
 f - a +0 cloak
 j - a +2 pair of gloves (melded)
 l - a +1 cloak (melded)
 v - a +2 ring mail of cold resistance (worn)
 w - a +0 chain mail
 y - a +0 leather armour
 z - a +1 helmet (melded)
Jewellery
 n - a ring of willpower (right hand)
 o - a ring of protection from cold (left hand)
 p - a ring of poison resistance
 r - a ring of wizardry
 C - a ring of fire
 D - an amulet of regeneration (around neck)
Talismans
 c - a beast talisman (active)
 d - a flux talisman
 k - a serpent talisman
Wands
 A - a wand of digging (6)
 B - a wand of flame (16)
 E - a wand of polymorph (5)
Scrolls
 g - 2 scrolls of blinking
 h - a scroll of immolation
 t - 10 scrolls of teleportation
Potions
 b - a potion of lignification
 e - 9 potions of haste
 m - a potion of attraction
 q - 2 potions of enlightenment
 s - a potion of magic
 u - 2 potions of might
 x - 2 potions of curing


   Skills:
 + Level 7.3 Fighting
 - Level 1.5 Dodging
 + Level 9.1 Unarmed Combat
 * Level 11.1 Shapeshifting


You had 9 spell levels left.
You didn't know any spells.
Your spell library contained the following spells:

 Spells                   Type           Power      Damage    Failure   Level
 Kiss of Death            Conj/Necr      0%         2d5       54%         1
 Blink                    Tloc           0%         N/A       69%         2
 Ensorcelled Hibernation  Hex/Ice        0%         N/A       69%         2
 Jinxbite                 Hex            0%         N/A       69%         2
 Wereblood                Tmut           0%         N/A       69%         2
 Confusing Touch          Hex            0%         N/A       89%         3
 Inner Flame              Hex/Fire       0%         N/A       89%         3
 Anguish                  Hex/Necr       0%         N/A       100%        4
 Dispel Undead            Necr           0%         3d6       100%        4
 Manifold Assault         Tloc           0%         N/A       100%        4
 Irradiate                Conj/Tmut      0%         3d11      100%        5
 Yara's Violent Unravell  Hex/Tmut       0%         3d3       100%        5
 Enfeeble                 Hex            0%         N/A       100%        7


Dungeon Overview and Level Annotations

Branches:
Dungeon (9/15)             Temple (1/1) D:4         Ossuary (visited)
   Lair: D:8-11         Orc: D:9-12

Altars:
Ashenzari
Dithmenos
Elyvilon
Gozag
Hepliaklqana
Kikubaaqudgha
Makhleb
Nemelex Xobeh
Qazlal
Ru
Uskayaw
Xom
Yredelemnul
Zin
The Shining One

Shops:
D:9 !

Annotations:
D:4 1 runed translucent door, Crazy Yiuf


Innate Abilities, Weirdness & Mutations

You are a hulking beast.
Your limbs bulge with bestial killing power. (Slay +4)
You have razor-sharp teeth.
Your natural rate of healing is unusually fast.
When hurt, damage is shared between your health and your magic reserves.
Your bite disrupts and absorbs the magic of your enemies.
Potions cannot restore your health.


Message History

You destroy the wight!
Things that are here:
a +5 halberd; a +0 robe You start resting.
HP restored.
F - a scroll labelled XILETZIESTU
As you read the scroll labelled XILETZIESTU, it crumbles to dust.
You assume a fearsome visage.
Nothing appears to happen.
It was a scroll of fear.
Magic restored.
Things that are here:
a +5 halberd; a +0 robe
Things that are here:
a +0 halberd; a +0 robe
Items here: )) [[.
Found a stone staircase leading down.
F - a scroll labelled BIBRIJ BIRA Done exploring.
There is a stone staircase leading down here.
You climb downwards.
Found a hand axe.
There is a stone staircase leading up here.
As you read the scroll labelled BIBRIJ BIRA, it crumbles to dust.
It is a scroll of enchant weapon.
You aren't carrying any weapons that can be enchanted.
As you read the scroll of identify, it crumbles to dust.
x - 2 potions of curing
Found a stone staircase leading down.
There is a stone staircase leading down here.
You now have 1868 gold pieces (gained 12).
Found Xachicei's Distillery.
A cyclops comes into view.
Found a robe.
The cyclops shouts!
You start waiting.
A cyclops is nearby!
You start waiting.
A cyclops is nearby!
The cyclops closely misses you.
You hit the cyclops. You punch the cyclops. You bite the cyclops.
You drain its power.
The cyclops is moderately wounded.
You punch the cyclops! You bite the cyclops. You drain its power.
The cyclops is severely wounded.
The cyclops closely misses you.
You punch the cyclops! Your punch misses the cyclops. You bite the cyclops.
You drain its power.
The cyclops is almost dead.
The cyclops hits you!!
You punch the cyclops!
You kill the cyclops!
Your life force feels restored.
Your Shapeshifting skill increases to level 11!
Things that are here:
5 large rocks; a cyclops corpse You start resting.
HP restored.
Magic restored.
You see here a +0 hand axe.
You now have 1879 gold pieces (gained 11).
You enter the shallow water.
Moving in this stuff is going to be slow.
There is an entrance to Xachicei's Distillery here.
u - 2 potions of might (gained 1) Thank you for shopping at Xachicei's Distillery!
You enter the shallow water.
Moving in this stuff is going to be slow.
You see here a +0 robe.
You now have 1842 gold pieces (gained 15).
Found an escape hatch in the ceiling.
An orc warrior and a two-headed ogre come into view.
The orc warrior shouts!
The two-headed ogre shouts in stereo!
Found an escape hatch in the floor.
There is an escape hatch in the ceiling here.
An orc comes into view.
It is wielding a +2 hand axe of electrocution.
The orc shouts!
You hear a shout!
The two-headed ogre hits you with a +0 giant club! x2
The orc warrior closely misses you. A mysterious force pulls you upwards.
The hatch slams shut behind you.
You barely miss the two-headed ogre. You bite the two-headed ogre!
You drain its power.
You feel invigorated.
The two-headed ogre is moderately wounded.
The orc warrior closely misses you.
The two-headed ogre hits you with a +0 giant club! x2
* * * LOW HITPOINT WARNING * * *
You punch the two-headed ogre!
The two-headed ogre is heavily wounded.
The orc warrior hits you with a +0 dire flail!
* * * LOW MAGIC WARNING * * *
* * * LOW HITPOINT WARNING * * *
You punch the two-headed ogre! Your bite misses the two-headed ogre.
The two-headed ogre is severely wounded.
The orc warrior hits you with a +0 dire flail!
* * * LOW MAGIC WARNING * * *
* * * LOW HITPOINT WARNING * * *
The two-headed ogre hits you with a +0 giant club.
* * * LOW HITPOINT WARNING * * *
The two-headed ogre hits you with a +0 giant club!!
* * * LOW MAGIC WARNING * * *
You die...

##...# #..#..# ##..#
##..### ##....## #...
###..## ##......##
##..
#...####.......)##
#..
##...##..#####'#)##
###
##......#..#..#..##
##.....#..#..#...##
#....O#..'..#....##
##...oh#..#..##....##
#[.....#..#..###....#
##...##.#######
##...## #...#####...#
##...## #...# ##..#
##...# #..## #..#
###.... #..# #..#
##.##... #..# #..#
#....... #..# #)##
##.......


You could see a two-headed ogre and an orc warrior.

Vanquished Creatures
  A cyclops (D:9)
  Sigmund (D:5)
  A flying skull (D:8)
  A yak (D:8)
  3 hogs (D:8)
  A human (D:8)
  An ice beast (D:7)
  An elephant zombie (D:8)
  2 black bears
  An orc warrior (D:8)
  An ogre (D:4)
  A phantom (D:4)
  A kobold brigand (D:7)
  A bullfrog (D:8)
  An elf zombie (Ossuary)
  2 scorpions (D:4)
  A gnoll sergeant (D:7)
  9 wights
  9 killer bees
  A howler monkey (D:6)
  3 centaur zombies
  2 human zombies (Ossuary)
  5 hounds
  2 jellies (D:6)
  An orc priest (D:3)
  3 iguanas
  A scorpion zombie (D:8)
  3 orc wizards
  A killer bee zombie (D:8)
  An ogre zombie (D:8)
  A hound zombie (D:8)
  2 mummies (Ossuary)
  3 howler monkey zombies (D:8)
  6 gnolls
  6 adders
  2 shadow imps
  A white imp (D:7)
  7 adder zombies
  4 worms
  5 dart slugs
  23 orcs
  10 bats
  6 endoplasms
  3 giant cockroaches
  3 hobgoblins (D:2)
  2 jackals (D:2)
  3 quokkas
  4 ball pythons
  4 frilled lizards
  A goblin (D:2)
  A goblin zombie (Ossuary)
  9 hobgoblin zombies (Ossuary)
  A jackal zombie (Ossuary)
  7 kobolds
  8 kobold zombies (Ossuary)
  10 orc zombies (Ossuary)
  A rat zombie (Ossuary)
195 creatures vanquished.

Vanquished Creatures (others)
  An orc wizard (D:3)
1 creature vanquished.

Grand Total: 196 creatures vanquished

Notes
Turn   | Place    | Note
-------+----------+-------------------------------------------
     0 | D:1      | Firecrotchwizard the Vine Stalker Shapeshifter began the
                  | quest for the Orb.
     0 | D:1      | Reached XP level 1. HP: 9/9 MP: 2/2
    82 | D:1      | Reached skill level 1 in Fighting
   137 | D:1      | Found a faded altar of an unknown god.
   205 | D:1      | Reached XP level 2. HP: 14/14 MP: 1/3
   574 | D:2      | Reached XP level 3. HP: 18/18 MP: 4/4
  1365 | D:3      | Reached XP level 4. HP: 23/23 MP: 5/5
  1511 | D:3      | Reached XP level 5. HP: 27/27 MP: 6/6
  1517 | D:3      | Reached skill level 5 in Unarmed Combat
  2004 | D:4      | Reached XP level 6. HP: 24/32 MP: 7/7
  2026 | D:4      | Noticed a black bear
  2171 | D:4      | Found a staircase to the Ecumenical Temple.
  2177 | Temple   | Entered the Ecumenical Temple
  2377 | D:4      | Reached XP level 7. HP: 34/36 MP: 8/8
  2439 | D:4      | Found a runed translucent door.
  2440 | D:4      | Noticed Crazy Yiuf
  2822 | D:5      | Entered Level 5 of the Dungeon
  2852 | D:5      | Reached skill level 4 in Shapeshifting
  2864 | D:5      | Noticed Sigmund
  2876 | D:5      | Killed Sigmund
  3006 | D:5      | Gained mutation: You have razor-sharp teeth. [Vine Stalker
                  | growth]
  3006 | D:5      | Reached XP level 8. HP: 42/42 MP: 9/9
  3438 | D:6      | Found a sand-covered staircase.
  3449 | Ossuary  | Entered an ossuary
  3801 | D:6      | Reached skill level 5 in Shapeshifting
  3855 | D:6      | Reached skill level 5 in Fighting
  4299 | D:7      | Reached XP level 9. HP: 47/47 MP: 10/10
  4414 | D:7      | Identified 3 scrolls of acquirement
  4414 | D:7      | Acquired 902 gold pieces
  4416 | D:7      | Acquired a ring of poison resistance
  4418 | D:7      | Acquired a manual of Shapeshifting
  4513 | D:7      | Identified the +0 robe "Horemapn" {*Slow rPois Str+7
                  | Archmagi}
  4577 | D:7      | Reached skill level 6 in Shapeshifting
  5186 | D:7      | Reached skill level 7 in Shapeshifting
  5469 | D:8      | Found a basalt altar of Yredelemnul.
  5530 | D:8      | Reached skill level 8 in Shapeshifting
  6222 | D:8      | Reached skill level 9 in Shapeshifting
  6244 | D:8      | Reached skill level 10 in Shapeshifting
  6249 | D:8      | Reached XP level 10. HP: 53/53 MP: 11/11
  6273 | D:8      | Found a sparkling altar of Nemelex Xobeh.
  6704 | D:9      | Found Xachicei's Distillery.
  6705 | D:9      | Noticed a cyclops
  6745 | D:9      | Killed a cyclops
  6746 | D:9      | Reached skill level 11 in Shapeshifting
  6782 | D:9      | Bought a potion of might for 52 gold pieces
  6790 | D:9      | Noticed a two-headed ogre
  6801 | D:8      | Demolished by a two-headed ogre

Illustrated notes

Levels and vault maps discovered:
D:1:      wander_arrival_chamber, layout_rooms,
          shapermc_ecumenical_altar_notcrosses
D:2:      layout_basic, minmay_tree_intersection, hangedman_glass_teeth,
          kennysheep_small_spiral
D:3:      layout_loops_ring, minmay_cupped
D:4:      old_forge, layout_loops_cross, minmay_temple_entry_enclosed_plants,
          uniq_crazy_yiuf_cottage
D:5:      layout_rooms, eino_small_chamber_without_monster, uniq_sigmund
D:6:      layout_basic, nicolae_ossuary_entry_plus, kennysheep_generic_room_8
D:7:      layout_basic
D:8:      layout_layer_cave, nemelex_xobeh_ov_fountains_minmay, grunt_livestock,
          roadster_capsule_ark_zombie
D:9:      layout_loops_cross, nicolae_overflow_macrodata_refinement,
          nicolae_vehumet_radiance, serial_shops,
          nicolae_shop_industrial_runoff, minmay_guarded_unrand_staff_of_olgreb,
          uniq_erolcha, uniq_maggie
Temple:   nicolae_temple_ecumenical_triangle

Skill      XL: |  1  2  3  4  5  6  7  8  9 10 |
---------------+-------------------------------+-----
Fighting       | 1 2 3 4 5 6 7 |  7.3
Unarmed Combat | 4 5 6 7 8 9 |  9.1
Shapeshifting  | 4 5 10 11 | 11.1
Dodging        | |  1.5

Action                     |  1- 3 |  4- 6 |  7- 9 | 10-12 || total
---------------------------+-------+-------+-------+-------++-------
  Melee: Unarmed           |    94 |   107 |   385 |    44 ||   630
         Bite              |    31 |    32 |   132 |     9 ||   204
         Punch             |     3 |     4 |    17 |     2 ||    26
         Constrict         |       |       |       |     3 ||     3
Ability: Begin Untransform |     1 |       |     1 |       ||     2
    Use: Scroll            |       |     1 |    12 |     3 ||    16
   Stab: Held in net/web   |       |     1 |       |       ||     1
 Armour: Animal skin       |     3 |       |       |       ||     3
         Leather armour    |    38 |    36 |       |       ||    74
         Ring mail         |       |    29 |   228 |    26 ||   283
         Skin              |       |       |       |     8 ||     8
  Dodge: Dodged            |    54 |    54 |   192 |    24 ||   324
   Form: Beast             |       |     1 |       |     1 ||     2
         Anaconda          |       |       |       |     1 ||     1

Table legend: (Time is in decaauts)
 A = Elapsed time spent in this place.
 B = Non-inter-level travel time spent in this place.
 C = Inter-level travel time spent in this place.
 D = Time resting spent in this place.
 E = Time spent auto-exploring this place.
 F = Levels seen in this place.
 G = Mean time per level.
                   A        B        C        D        E       F      G
               +--------+--------+--------+--------+--------+-----+--------+
         Total |   6718 |   6461 |    257 |    653 |   4507 |  11 |  610.7 |
       Dungeon |   6461 |   6224 |    237 |    639 |   4421 |   9 |  717.9 |
        Temple |     21 |      1 |     20 |      0 |      0 |   1 |   21.0 |
       Ossuary |    235 |    235 |      0 |     14 |     86 |   1 |  235.0 |
               +--------+--------+--------+--------+--------+-----+--------+

Top non-repeatable levels by time:
     D:7: 1206 daAuts
     D:8: 1164 daAuts
     D:2: 887 daAuts
     D:4: 808 daAuts
     D:3: 761 daAuts
     D:6: 626 daAuts
     D:5: 512 daAuts
     D:1: 324 daAuts
 Ossuary: 235 daAuts
     D:9: 170 daAuts
  Temple: 21 daAuts
